 Dungeon Crawl Stone Soup version 0.31-a0-149-g3fdcc5976a (webtiles) character file.

Game seed: 13596670773619391276

160970 juan097 the Fighter (level 17, -3/151 (152) HPs)
             Began as a Pale Draconian Conjurer on June 6, 2023.
             Was a High Priest of Sif Muna.
             Slain by a radroach (14 damage)
             ... on level 4 of the Spider Nest on June 7, 2023.
             The game lasted 02:28:31 (49933 turns).

juan097 the Fighter (Pale Draconian Conjurer)      Turns: 49933, Time: 02:28:32

HP:   -3/151 (152)  AC: 18    Str: 12    XL:     17   Next: 19%
MP:   10/33         EV: 21    Int: 28    God:    Sif Muna [*****.]
Gold: 1941          SH:  0    Dex: 12    Spells: 4/40 levels left

rFire   + + .        a - staff of conjuration
rCold   + . .        (no shield)
rNeg    . . .        (body armour unavailable)
rPois   .            S - +0 hat of the Trout {rF++ Str+2 Int+4 Stlth-}
rElec   .            H - +2 cloak {rC+}
rCorr   .            o - +1 pair of gloves
SInv    .            (no boots)
Will    +....        W - amulet of regeneration
Stlth   +            B - +5 ring of evasion
HPRegen 1.25/turn    I - +4 ring of protection
MPRegen 0.23/turn

%: no passive effects
@: contaminated, glowing, lightly drained
A: breathe steam, AC +9, unfitting armour, cold-blooded, steam resistance
a: Breathe Steam, Renounce Religion, Channel Magic, Forget Spell, Divine
Exegesis


You were on level 4 of the Spider Nest.
You worshipped Sif Muna.
Sif Muna was extremely pleased with you.
You visited 5 branches of the dungeon, and saw 27 of its levels.

You collected 2638 gold pieces.
You spent 697 gold pieces at shops.

Inventory:

Hand Weapons
 w - a +2 dagger of protection
Missiles
 t - 4 javelins
 u - 30 poisoned darts
 C - 6 silver boomerangs
 E - 32 boomerangs
 Y - 4 silver javelins
Armour
 o - a +1 pair of gloves (worn)
 H - a +2 cloak of cold resistance (worn)
 S - the +0 hat of the Trout (worn) {rF++ Str+2 Int+4 Stlth-}
   (You found it on level 2 of the Orcish Mines)

   Str:       It affects your strength (+2).
   Int:       It affects your intelligence (+4).
   rF:        It greatly protects you from fire.
   Stlth:     It makes you less stealthy.
Magical Staves
 a - a staff of conjuration (weapon)
 b - a staff of poison
Jewellery
 h - the ring "Ucelot" {rCorr Str+2 Dex+3 Slay-5}
   (You found it on level 13 of the Dungeon)

   [ring of resist corrosion]

   Str:       It affects your strength (+2).
   Dex:       It affects your dexterity (+3).
   Slay:      It affects your accuracy & damage with ranged weapons and melee
   (-5).
   rCorr:     It protects you from acid and corrosion.
 n - the ring "Dupheru" {rPois rC- rN++ Dex+6 SInv}
   (You found it on level 3 of the Spider Nest)

   [ring of dexterity]

   Dex:       It affects your dexterity (+6).
   rC:        It makes you vulnerable to cold.
   rPois:     It protects you from poison.
   rN:        It greatly protects you from negative energy.
   SInv:      It lets you see invisible.
 s - a ring of poison resistance
 x - a ring of fire
 B - a +5 ring of evasion (left hand)
 I - a +4 ring of protection (right hand)
 W - an amulet of regeneration (around neck)
Wands
 l - a wand of paralysis (26)
 G - a wand of quicksilver (20)
 K - a wand of flame (79)
 R - a wand of roots (10)
 V - a wand of digging (6)
Scrolls
 e - a scroll of summoning
 f - 2 scrolls of fear
 i - 2 scrolls of blinking
 j - 3 scrolls of magic mapping
 m - 5 scrolls of poison
 p - a scroll of silence
 r - 5 scrolls of enchant armour
 y - 10 scrolls of teleportation
 J - a scroll of enchant weapon
 O - 6 scrolls of amnesia
 P - 3 scrolls of fog
Potions
 c - 4 potions of magic
 d - 2 potions of haste
 k - 6 potions of lignification
 q - 4 potions of might
 v - 7 potions of heal wounds
 z - a potion of resistance
 A - 11 potions of curing
 D - 10 potions of brilliance
 F - a potion of enlightenment
 N - a potion of cancellation
 T - 7 potions of ambrosia
 U - a potion of invisibility
Miscellaneous
 g - a tin of tremorstones (2/2)
 L - a phial of floods
 Q - a phantom mirror
 X - a lightning rod (2/4)
 Z - a box of beasts


   Skills:
 - Level 14.0 Fighting
 - Level 4.0 Short Blades
 - Level 6.0 Staves
 + Level 11.4 Dodging
 - Level 6.0 Stealth
 - Level 12.0 Spellcasting
 + Level 12.4 Conjurations
 - Level 5.0 Hexes
 - Level 4.0 Summonings
 - Level 6.0 Translocations
 * Level 10.6 Air Magic
 - Level 8.0 Poison Magic
 - Level 10.0 Invocations
 - Level 6.0 Evocations


You had 4 spell levels left.
You knew the following spells:

 Your Spells              Type           Power      Damage    Failure   Level
a - Summon Guardian Gole  Hex/Summ       42%        N/A       1%          3
b - Airstrike             Air            33%        2d(5-21)  1%          4
c - Fulminant Prism       Conj/Hex       39%        3d17      1%          4
d - Iskenderun's Mystic   Conj/Tloc      80%        2d16      1%          4
e - Conjure Ball Lightni  Conj/Air       44%        3x3d15    4%          6
f - Confusing Touch       Hex            44%        N/A       1%          3
g - Arcjolt               Conj/Air       44%        1d54      1%          5
h - Vhi's Electric Charg  Tloc/Air       100%       N/A       1%          3
j - Olgreb's Toxic Radia  Pois           57%        N/A       1%          4

Your spell library contained the following spells:

 Spells                   Type           Power      Damage    Failure   Level
 Kiss of Death            Conj/Necr      100%       2d13      1%          1
 Magic Dart               Conj           100%       1d8       1%          1
 Shock                    Conj/Air       100%       1d9       1%          1
 Sting                    Tmut/Pois      100%       1d8       1%          1
 Cigotuvi's Dreadful Rot  Necr/Pois/Air  100%       N/A       1%          2
 Lesser Beckoning         Tloc           100%       N/A       1%          2
 Momentum Strike          Conj/Tloc      100%       3d10      1%          2
 Poisonous Vapours        Pois/Air       100%       N/A       1%          2
 Searing Ray              Conj           100%       2d8       1%          2
 Static Discharge         Conj/Air       100%       2-7/arc   1%          2
 Dazzling Flash           Conj/Hex       100%       N/A       1%          3
 Gell's Gravitas          Tloc           50%        N/A       1%          3
 Hailstorm                Conj/Ice       67%        3d14      1%          3
 Portal Projectile        Hex/Tloc       94%        N/A       1%          3
 Teleport Other           Tloc           50%        N/A       1%          3
 Summon Lightning Spire   Summ/Air       55%        N/A       1%          4
 Flame Wave               Conj/Fire      67%        2d15      2%          4
 Sticky Flame             Conj/Fire      67%        2d8       2%          4
 Scorch                   Fire           32%        2d6       4%          2
 Leda's Liquefaction      Hex/Erth       15%        N/A       12%         4
 Dispel Undead            Necr           16%        3d10      32%         4
 Silence                  Hex/Air        28%        N/A       3%          5
 Fireball                 Conj/Fire      33%        3d14      7%          5
 Summon Mana Viper        Hex/Summ       42%        N/A       14%         5
 Starburst                Conj/Fire      33%        6d10      36%         6
 Agony                    Necr           16%        N/A       65%         5
 Borgnjor's Vile Clutch   Necr/Erth      8%         N/A       65%         5
 Summon Cactus Giant      Summ           19%        N/A       67%         6
 Maxwell's Capacitive Co  Air            33%        ∞         95%         8
 Enfeeble                 Hex            22%        N/A       98%         7
 Infestation              Necr           8%         N/A       100%        8
 Chain Lightning          Conj/Air       44%        3d59      100%        9
 Death's Door             Necr           8%         N/A       100%        9
 Fire Storm               Conj/Fire      33%        8d9       100%        9
 Shatter                  Erth           8%         3d10*     100%        9


Dungeon Overview and Level Annotations

Branches:
Dungeon (15/15)            Temple (1/1) D:6            Lair (5/5) D:11
  Swamp (0/4) Lair:2       Spider (4/4) Lair:2        Slime (0/5) Lair:4
    Orc (2/2) D:10            Elf (0/3) Orc:2        Vaults (0/5) D:13
 Depths (0/4) D:15

Altars:
Ashenzari
Cheibriados
Dithmenos
Elyvilon
Fedhas
Gozag
Hepliaklqana
Kikubaaqudgha
Makhleb
Nemelex Xobeh
Okawaru
Qazlal
Ru
Sif Muna
Trog
Uskayaw
Vehumet
Wu Jian
Xom
Yredelemnul
Zin
The Shining One

Shops:
D:9 [([!   D:15 (   Orc:2 *:[

Annotations:
D:4 Grinder
D:7 2 runed translucent doors, Laraso's ghost, novice AtBe
Spider:4 3 runed translucent doors, mdonais's ghost, adept DjAE


Innate Abilities, Weirdness & Mutations

You can breathe blasts of scalding, opaque steam.
Your pale cyan-grey scales are hard. (AC +9)
You cannot fit into any form of body armour.
You are cold-blooded and may be slowed by cold attacks.
You are immune to the effects of steam.


Message History

You feel a surge of power!
Electricity surges outward!
The radroach is struck by an electric surge!
The radroach is moderately wounded.
You hear an angry buzzing noise.
The radroach erupts in a fountain of uncontrolled magic!
You are blasted with magical radiation!!!
You are lightly contaminated with residual magic.
Casting: Arcjolt (mildly dangerous; 1% risk of failure)
Confirm with . or Enter, or press ? or * to list all spells.
You feel a surge of power!
Electricity surges outward!
The radroach is struck by an electric surge!!!
The radroach is almost dead.
The radroach erupts in a fountain of uncontrolled magic!
You are blasted with magical radiation!!
* * * LOW HITPOINT WARNING * * *
You are contaminated with residual magic.
Casting: Arcjolt (mildly dangerous; 1% risk of failure)
Confirm with . or Enter, or press ? or * to list all spells.
You feel a surge of power!
Electricity surges outward!
The radroach is struck by an electric surge.
The radroach erupts in a fountain of uncontrolled magic!
You are blasted with magical radiation!!
* * * LOW HITPOINT WARNING * * *
Okay, then.
You feel much better.
A spark wasp comes into view.
The radroach bites you.
* * * LOW HITPOINT WARNING * * *
The radroach misses you.
Casting: Arcjolt (mildly dangerous; 1% risk of failure)
Confirm with . or Enter, or press ? or * to list all spells.
You feel a surge of power!
Electricity surges outward!
The radroach is struck by an electric surge!
The radroach is almost dead.
The spark wasp stings you.
* * * LOW HITPOINT WARNING * * *
The spark wasp shocks you!
* * * LOW HITPOINT WARNING * * *
The radroach bites you!
You die...

.#.............##
...#.....#..#.#.####
.#.^.##.#..#...###.##
#...^.#..^##°.#...#.###
.#.#........°#.#......#
.....#..##..B#.#...)..##
#..^#..†.....#.....#...#
........#.##...).#.....#
.##^.#......^..#@....###
..###.....#^##.#yB#....#
### ###.........#.#.#..#
# #..###..#.....#### #
#..^..#..^#####
#...#......#
##......#..#
#..^.....### ###....#..#


You could see a radroach and a spark wasp.

Vanquished Creatures
  Rupert (D:15)
  Frances (Spider:2)
  Kirke (D:13)
  An emperor scorpion (Spider:3)
  A frost giant (D:15)
  A ghost moth (Spider:3)
  An orc warlord (Orc:2)
  An ironbound preserver (D:12)
  3 broodmothers (Spider:2)
  The ghost of SirDiesAlot the Basher, a journeyman TrGl of the Shining One (Orc:2)
  A spark wasp (Spider:1)
  An ettin (Orc:2)
  Josephine (D:10)
  An entropy weaver (Spider:4)
  5 hydras
  3 radroaches
  An ice dragon (Lair:3)
  4 jorogumos
  2 ghost crabs (Spider:1)
  An ogre mage (D:15)
  5 boulder beetles
  A centaur warrior (D:13)
  9 two-headed ogres
  2 death yaks (Lair:3)
  Urug (D:13)
  6 demonic crawlers
  3 tengu warriors (D:15)
  4 orc high priests
  A skeletal warrior (D:10)
  A sun moth (Spider:1)
  A fire crab (D:14)
  2 skysharks
  6 pharaoh ants
  2 goliath frogs (Lair:5)
  A deep troll (D:15)
  6 orb spiders
  7 orc knights
  A wizard (D:14)
  9 steelbarb worms
  A lindwurm (Lair:4)
  A deep elf pyromancer (D:15)
  6 cyclopes
  3 orc sorcerers (Orc:2)
  13 ugly things
  A manticore (D:13)
  2 moths of wrath
  15 wolf spiders
  22 elephants
  5 centaur zombies (D:10)
  A guardian serpent (shapeshifter) (Spider:3)
  3 unseen horrors
  4 black mambas
  17 cane toads
  A gargoyle (D:10)
  5 torpor snails
  5 rime drakes
  An unseen horror zombie (D:10)
  2 kobold demonologists
  An efreet (D:15)
  9 komodo dragons
  An ice devil (Lair:3)
  4 freezing wraiths
  6 trolls
  6 meliai
  8 tyrant leeches
  3 polar bears
  A queen bee (Lair:1)
  18 tarantellas
  2 hornets
  17 blink frogs
  2 hornets (shapeshifter) (D:14)
  11 dream sheep
  13 slime creatures
  21 jumping spiders
  A centaur simulacrum (D:14)
  4 flying skulls (D:10)
  2 shadows (D:10)
  A vampire (D:7)
  14 culicivoras
  2 wyverns
  A hog (D:13)
  2 basilisks
  65 yaks
  7 wraiths
  2 fire elementals (Lair:3)
  4 fire bats (Lair:3)
  Grum (D:10)
  40 redbacks
  Menkaure (D:6)
  4 wargs
  19 vampire mosquitoes
  2 acid dragons
  3 swamp worms (Lair:2)
  15 water moccasins
  35 orc warriors
  4 ice beasts
  5 black bears
  7 ogres
  26 wolves
  6 centaurs
  A phantom (D:6)
  A kobold brigand (D:9)
  Blork the orc (D:5)
  23 bullfrogs
  A gnoll sergeant (D:11)
  A two-headed ogre simulacrum (Lair:3)
  4 scorpions
  13 wights
  A cane toad simulacrum (Lair:3)
  28 killer bees
  8 howler monkeys
  2 jellies (D:6)
  9 centaur skeletons (D:10)
  28 orc priests
  6 hounds
  A gnoll bouda (D:8)
  4 iguanas
  38 orc wizards
  7 hell rats (Lair:3)
  A polar bear simulacrum (Lair:3)
  A troll simulacrum (Lair:3)
  2 wolf simulacra (Lair:3)
  2 howler monkey zombies (D:10)
  2 howler monkey skeletons (D:10)
  9 adders
  16 gnolls
  A naga simulacrum (Lair:3)
  3 white imps
  An ufetubus (D:6)
  2 worms
  5 dart slugs
  142 orcs
  10 endoplasms
  A giant cockroach (D:4)
  39 goblins
  32 hobgoblins
  A jackal (D:1)
  7 quokkas
  11 ball pythons
  5 bats
  3 frilled lizards
  15 kobolds
  5 rats
1097 creatures vanquished.

Vanquished Creatures (collateral kills)
  A steelbarb worm (Spider:2)
  An orc warrior (D:10)
2 creatures vanquished.

Vanquished Creatures (others)
  A death knight (D:14)
  A culicivora (Spider:1)
  2 humans (D:13)
  2 orc warriors (Orc:2)
  2 orc priests (Orc:2)
  An orc wizard (Orc:2)
  An orc (D:13)
  6 ball lightnings (Spider:3)
  282 fulminant prisms
298 creatures vanquished.

Grand Total: 1397 creatures vanquished

Notes
Turn   | Place    | Note
-------+----------+-------------------------------------------
     0 | D:1      | juan097 the Draconian Conjurer began the quest for the Orb.
     0 | D:1      | Reached XP level 1. HP: 14/14 MP: 3/3
   255 | D:1      | Reached XP level 2. HP: 11/20 MP: 1/5
   585 | D:1      | Learned a level 2 spell: Searing Ray
  1189 | D:1      | Reached XP level 3. HP: 26/26 MP: 4/6
  1219 | D:1      | You fall into a shaft and drop 1 floor!
  2176 | D:2      | Found a faded altar of an unknown god.
  2345 | D:2      | Reached XP level 4. HP: 32/33 MP: 4/7
  2535 | D:2      | Reached skill level 5 in Conjurations
  3565 | D:3      | Reached XP level 5. HP: 38/38 MP: 4/9
  3585 | D:3      | Learned a level 4 spell: Fulminant Prism
  4982 | D:4      | Reached skill level 1 in Hexes
  5092 | D:4      | Reached XP level 6. HP: 45/45 MP: 7/10
  5582 | D:4      | Found an ancient bone altar of Kikubaaqudgha.
  5584 | D:4      | Noticed Grinder
  5827 | D:4      | Your scales start taking on a pale cyan-grey colour.
  5827 | D:4      | Reached XP level 7. HP: 50/50 MP: 1/12
  5827 | D:4      | Gained mutation: You are immune to the effects of steam.
                  | [Pale Draconian growth]
  6076 | D:5      | Entered Level 5 of the Dungeon
  6812 | D:5      | Found a bloodstained altar of Trog.
  6879 | D:5      | Noticed Blork the orc
  6889 | D:5      | Killed Blork the orc
  6954 | D:5      | Reached XP level 8. HP: 56/57 MP: 7/14
  7733 | D:6      | Identified a scroll of acquirement
  7743 | D:6      | Acquired a staff of conjuration
  7807 | D:6      | Reached skill level 1 in Fighting
  7935 | D:6      | Reached skill level 2 in Fighting
  8133 | D:6      | Noticed a kobold demonologist
  8142 | D:6      | Killed a kobold demonologist
  8143 | D:6      | Reached XP level 9. HP: 68/68 MP: 3/16
  8243 | D:6      | Found a staircase to the Ecumenical Temple.
  8321 | Temple   | Entered the Ecumenical Temple
  8582 | Temple   | Became a worshipper of Sif Muna the Loreminder
  8724 | D:6      | Reached skill level 3 in Fighting
  9083 | D:6      | Reached skill level 5 in Spellcasting
  9083 | D:6      | Reached skill level 5 in Hexes
  9139 | D:6      | Noticed Menkaure
  9144 | D:6      | Killed Menkaure
  9878 | D:6      | Found a radiant altar of Vehumet.
  9878 | D:6      | Found an ornate altar of the Wu Jian Council.
 10029 | D:7      | Reached skill level 4 in Fighting
 10599 | D:7      | Reached skill level 10 in Conjurations
 10626 | D:7      | Learned a level 4 spell: Iskenderun's Mystic Blast
 10857 | D:7      | Found a large runed translucent door.
 10858 | D:7      | Found a large runed translucent door.
 10860 | D:7      | Noticed Laraso's ghost (novice AtBe)
 11176 | D:8      | Reached * piety under Sif Muna
 11405 | D:8      | Reached skill level 1 in Translocations
 11521 | D:8      | Found a white marble altar of Elyvilon.
 11545 | D:8      | Reached skill level 5 in Fighting
 11545 | D:8      | Reached XP level 10. HP: 55/81 MP: 18/18
 12034 | D:8      | Reached skill level 5 in Dodging
 12201 | D:8      | Found a hazy altar of Hepliaklqana.
 12355 | D:8      | Found a burning altar of Makhleb.
 12499 | D:8      | Found an opulent altar of Gozag.
 12675 | D:9      | Reached ** piety under Sif Muna
 12928 | D:9      | Reached skill level 6 in Fighting
 13075 | D:9      | Found Hesmiak's Antique Armour Shop.
 13075 | D:9      | Found Sira Lee's Armour Shop.
 13075 | D:9      | Found Otiliji's Weapon Shop.
 13083 | D:9      | Reached skill level 1 in Invocations
 13488 | D:9      | Found Milijeh's Distillery.
 13496 | D:9      | Bought a potion of degeneration for 14 gold pieces
 13496 | D:9      | Bought a potion of brilliance for 56 gold pieces
 13556 | D:9      | Reached skill level 5 in Translocations
 13572 | D:9      | Reached *** piety under Sif Muna
 13840 | D:9      | Reached XP level 11. HP: 64/89 MP: 6/21
 14295 | D:10     | Entered Level 10 of the Dungeon
 14295 | D:10     | Noticed a two-headed ogre
 14304 | D:10     | Noticed a two-headed ogre
 14305 | D:10     | Killed a two-headed ogre
 14528 | D:10     | Learned a level 1 spell: Kiss of Death
 14604 | D:10     | Killed a two-headed ogre
 14605 | D:10     | Reached skill level 1 in Evocations
 14766 | D:10     | Found a sparkling altar of Nemelex Xobeh.
 14975 | D:10     | Reached skill level 5 in Invocations
 15472 | D:10     | Learned a level 3 spell: Confusing Touch
 16036 | D:10     | Reached **** piety under Sif Muna
 16358 | D:10     | Reached skill level 7 in Fighting
 16511 | D:10     | Noticed Grum
 16517 | D:10     | Killed Grum
 16805 | D:10     | Reached skill level 5 in Evocations
 16998 | D:10     | Learned a level 5 spell: Arcjolt
 17071 | D:10     | Found a staircase to the Orcish Mines.
 17146 | D:10     | Noticed a skeletal warrior
 17168 | Orc:1    | Entered Level 1 of the Orcish Mines
 17197 | Orc:1    | Noticed an orc knight
 17346 | D:10     | Reached XP level 12. HP: 97/101 MP: 19/24
 17349 | D:10     | Reached skill level 1 in Air Magic
 18040 | Orc:2    | Entered Level 2 of the Orcish Mines
 18055 | Orc:2    | Reached skill level 8 in Fighting
 18740 | Orc:2    | Noticed an orc warlord
 18747 | Orc:2    | Noticed SirDiesAlot's ghost (journeyman TrGl)
 18750 | Orc:2    | Found a runed translucent gate.
 18751 | Orc:2    | Found a runed translucent gate.
 18782 | Orc:2    | Noticed an ettin
 18793 | Orc:2    | Found a runed translucent gate.
 18813 | Orc:2    | Killed an ettin
 19080 | Orc:2    | Reached ***** piety under Sif Muna
 19348 | Orc:2    | Learned a level 3 spell: Vhi's Electric Charge
 19849 | Orc:2    | Found a staircase to the Elven Halls.
 19939 | Orc:2    | Noticed an orc high priest
 19950 | Orc:2    | Killed an orc high priest
 20089 | Orc:2    | Noticed an orc high priest
 20095 | Orc:2    | Noticed an orc high priest
 20111 | Orc:2    | Killed an orc high priest
 20112 | Orc:2    | Reached skill level 9 in Fighting
 20409 | Orc:2    | Reached skill level 5 in Air Magic
 20666 | Orc:2    | Killed an orc high priest
 20749 | Orc:2    | Found Memnane's Armour Emporium.
 20749 | Orc:2    | Found Libaomyc's Assorted Antiques.
 20751 | Orc:2    | Found Ileac's Book Emporium.
 20751 | Orc:2    | Found Zaraupou's Assorted Antiques.
 20819 | Orc:1    | Noticed an orc high priest
 20821 | Orc:1    | Received a gift from Sif Muna
 20826 | Orc:1    | Killed an orc high priest
 21209 | Orc:1    | Reached XP level 13. HP: 104/113 MP: 15/26
 21224 | Orc:1    | Got Sick's Codex of Ghoulish Anathema {god gift}
 21456 | Orc:1    | Learned a level 4 spell: Airstrike
 21497 | Orc:2    | Learned a level 3 spell: Summon Guardian Golem
 21530 | Orc:2    | Reached skill level 10 in Fighting
 21540 | Orc:2    | Killed SirDiesAlot's ghost
 21541 | Orc:2    | Reached skill level 1 in Summonings
 21666 | Orc:2    | Killed an orc warlord
 21789 | Orc:2    | Identified the +0 hat of the Trout {rF++ Str+2 Int+4
                  | Stlth-}
 21898 | D:9      | Bought a potion of ambrosia for 112 gold pieces
 21898 | D:9      | Bought a potion of invisibility for 112 gold pieces
 21898 | D:9      | Bought a potion of curing for 42 gold pieces
 21898 | D:9      | Bought a potion of curing for 42 gold pieces
 22021 | Orc:2    | Bought a scroll of teleportation for 87 gold pieces
 22021 | Orc:2    | Bought 2 potions of brilliance for 232 gold pieces
 22145 | D:11     | Reached skill level 10 in Spellcasting
 22146 | D:11     | Reached skill level 1 in Staves
 22276 | D:11     | Found a staircase to the Lair.
 22279 | D:11     | Noticed Josephine
 22391 | D:10     | Killed Josephine
 23171 | Lair:1   | Entered Level 1 of the Lair of Beasts
 23242 | Lair:1   | Received a gift from Sif Muna
 23243 | Lair:1   | Reached skill level 5 in Staves
 23453 | Lair:1   | Got Sif Muna's Catalogue of Conflict {god gift}
 24657 | Lair:2   | Found a hole to the Spider Nest.
 25199 | Lair:2   | Reached skill level 5 in Stealth
 25766 | Lair:2   | Found a staircase to the Swamp.
 25990 | Lair:3   | Reached XP level 14. HP: 122/122 MP: 11/28
 27488 | Lair:3   | Reached skill level 11 in Fighting
 27839 | Lair:3   | Received a gift from Sif Muna
 27840 | Lair:3   | Got Sif Muna's Handbook of Decaying Curses {god gift}
 29389 | Lair:4   | Found a staircase to the Slime Pits.
 29463 | Lair:4   | Reached skill level 1 in Short Blades
 30949 | Lair:5   | Entered Level 5 of the Lair of Beasts
 30958 | Lair:5   | Reached skill level 10 in Invocations
 32461 | Lair:5   | Reached XP level 15. HP: 132/132 MP: 16/29
 32566 | Lair:4   | Reached skill level 12 in Fighting
 33062 | Lair:5   | Received a gift from Sif Muna
 33063 | Lair:5   | Got Nuanles's Incunable of Transposed Freezing {god gift}
 33495 | Lair:5   | Identified the +5 quarterstaff of the Unspeakable One
                  | {heavy, Str+5 Int+4}
 36415 | D:13     | Identified the ring "Ucelot" {rCorr Str+2 Dex+3 Slay-5}
 36447 | D:13     | Noticed Urug
 36451 | D:13     | Killed Urug
 36892 | D:13     | Noticed Kirke
 37159 | D:13     | Killed Kirke
 37355 | D:13     | Found a gate to the Vaults.
 37382 | D:13     | Reached skill level 10 in Dodging
 37677 | D:13     | Upgraded the game from 0.31-a0-145-g046c7d2549 to
                  | 0.31-a0-149-g3fdcc5976a
 37682 | D:13     | Learned a level 4 spell: Olgreb's Toxic Radiance
 37712 | D:14     | Received a gift from Sif Muna
 37714 | D:14     | Reached skill level 1 in Poison Magic
 37883 | D:14     | Got Sif Muna's Textbook on Inhalation and Kinetic Energy
                  | {god gift}
 39937 | D:15     | Entered Level 15 of the Dungeon
 39954 | D:15     | Noticed Rupert
 39967 | D:15     | Killed Rupert
 40080 | D:15     | Found Pommoqut's Weapon Emporium.
 41076 | D:15     | Reached skill level 13 in Fighting
 41317 | D:15     | Reached XP level 16. HP: 118/143 MP: 3/30
 41445 | D:15     | Found a staircase to the Depths.
 42189 | Spider:1 | Entered Level 1 of the Spider Nest
 42341 | Spider:1 | Reached skill level 5 in Poison Magic
 42839 | Spider:1 | Received a gift from Sif Muna
 45195 | Spider:2 | Noticed Frances
 45210 | Spider:2 | Reached skill level 14 in Fighting
 45215 | Spider:2 | Killed Frances
 45975 | Spider:2 | Received a gift from Sif Muna
 46210 | Spider:2 | Identified the +1 ring mail of Incorporation {Str+2}
 47679 | Spider:3 | Identified the ring "Dupheru" {rPois rC- rN++ Dex+6 SInv}
 47736 | Spider:3 | Learned a level 6 spell: Conjure Ball Lightning
 48614 | Spider:4 | Entered Level 4 of the Spider Nest
 48643 | Spider:4 | Reached XP level 17. HP: 152/152 MP: 14/33
 49072 | Spider:4 | Found a runed translucent gate.
 49072 | Spider:4 | Found a runed translucent gate.
 49072 | Spider:4 | Found a runed translucent gate.
 49073 | Spider:4 | Noticed mdonais's ghost (adept DjAE)
 49075 | Spider:4 | Reached skill level 10 in Air Magic
 49933 | Spider:4 | Slain by a radroach

Illustrated notes

Levels and vault maps discovered:
D:1:      dpeg_arrival_brainrot, layout_basic
D:2:      layout_loops_ring, ebering_ecumenical_altar_hall
D:3:      minmay_goblin_kobold_castle, layout_basic
D:4:      layout_rooms, lemuel_round_altar, hangedman_decor_growths,
          minmay_increasing_density, uniq_grinder
D:5:      layout_gridville, marbit_many_paths, uniq_blork_the_orc
D:6:      minmay_chambers_of_threes, layout_basic,
          nicolae_overflow_two_pavilions, minmay_temple_entry_fiery,
          kennysheep_generic_room_10, uniq_menkaure
D:7:      layout_basic, ebering_ghost_disaster_area
D:8:      layout_loops_ring, mainiacjoe_overflow_alcove_1,
          lightli_temple_of_fire, elyvilon_altar_1,
          worldfamousw_hep_ancestral_shrine
D:9:      layout_roguey [special_room_orc], minmay_shop_grid_forest
D:10:     hangedman_screamer, layout_gridville, overflow_temple_1_default,
          hiddenorc2_lemuel, uniq_grum
D:11:     layout_cross, due_lair_maze_entry_diamond, uniq_josephine
D:12:     nicolae_cairo_tiling_large, layout_basic
D:13:     layout_rooms, skrybe_vaults_entry_preservation, uniq_urug, uniq_kirke
D:14:     layout_stronghold
D:15:     grunt_enter_depths_snipers, layout_cave_pods, serial_shops, shop,
          hex_tiny, statue_in_the_mist_lemuel, uniq_rupert
Temple:   oiseaux_autumnal_temple
Lair:1:   layout_loops_ring, special_room [special_room_bee]
Lair:2:   layout_roguey, palyth_hydra_swamp_entry, spider_nest_entry_webs
Lair:3:   dreamdust_isle_of_ice, layout_gridlike, chequers_serial_rivers_marsh,
          infiniplex_staircase_pool, grunt_megastairs_3, lemuel_fruit_tree
Lair:4:   layout_cave_pods, slime_entry_1, minivault_26
Lair:5:   minmay_lair_end_frog_pond, layout_misc_corridors
Spider:1: layout_spider_delve, nicolae_spider_swamp_cousins
Spider:2: layout_spider_delve, uniq_frances
Spider:3: layout_spider_delve, hellmonk_deceptive_appearances
Spider:4: hellmonk_spider_rune_bug_friends, gammafunk_ghost_tricky_traps
Orc:1:    layout_caves
Orc:2:    grunt_orc_tribal_feast, layout_diamond_mine, gammafunk_ghost_split,
          guppyfry_library_mini

Skill      XL: |  1  2  3  4  5  6  7  8  9 10 11 12 13 14 15 16 17 |
---------------+----------------------------------------------------+-----
Stealth        | 2 3 4 5 6 |  6.0
Conjurations   | 5 6 7 8 10 11 12 | 12.4
Spellcasting   | 3 4 5 6 8 9 10 12 | 12.0
Hexes          | 1 3 4 5 |  5.0
Dodging        | 3 4 6 8 10 11 | 11.4
Fighting       | 2 5 6 7 9 10 11 13 14 | 14.0
Translocations | 1 5 6 |  6.0
Invocations    | 3 6 8 10 | 10.0
Evocations     | 5 6 |  6.0
Air Magic      | 6 7 9 10 | 10.6
Summonings     | 4 |  4.0
Staves         | 6 |  6.0
Short Blades   | 3 4 |  4.0
Poison Magic   | 4 8 |  8.0

Action                     |  1- 3 |  4- 6 |  7- 9 | 10-12 | 13-15 | 16-18 || total
---------------------------+-------+-------+-------+-------+-------+-------++-------
  Melee: Dagger            |    21 |    52 |    13 |    26 |     1 |       ||   113
         Tailslap          |     2 |     7 |     5 |    28 |    51 |    22 ||   115
         Staff             |       |       |    19 |    94 |   244 |   113 ||   470
         Punch             |       |       |       |     1 |     5 |     1 ||     7
  Throw: Dart              |       |       |     2 |       |     2 |       ||     4
         Boomerang         |       |       |       |       |     1 |       ||     1
   Cast: Magic Dart        |    84 |   123 |   104 |   193 |       |       ||   504
         Searing Ray       |     4 |    19 |    20 |    40 |     6 |       ||    89
         Fulminant Prism   |       |       |    33 |   164 |    57 |    28 ||   282
         Iskenderun's Myst |       |       |       |    23 |    27 |    10 ||    60
         Arcjolt           |       |       |       |    13 |   198 |    69 ||   280
         Kiss of Death     |       |       |       |     2 |       |       ||     2
         Airstrike         |       |       |       |       |   316 |    28 ||   344
         Summon Guardian G |       |       |       |       |     3 |     3 ||     6
         Olgreb's Toxic Ra |       |       |       |       |     2 |   143 ||   145
         Conjure Ball Ligh |       |       |       |       |       |     2 ||     2
 Invoke: Channel Magic     |       |       |       |     2 |     3 |       ||     5
Ability: Breathe Steam     |       |       |     1 |     5 |     4 |     2 ||    12
  Evoke: Wand              |       |       |       |     7 |    12 |     6 ||    25
         Phantom mirror    |       |       |       |     1 |     1 |       ||     2
         Tin of tremorston |       |       |       |       |     2 |       ||     2
         Lightning rod     |       |       |       |       |       |     4 ||     4
         Box of beasts     |       |       |       |       |       |     1 ||     1
         Phial of floods   |       |       |       |       |       |     1 ||     1
    Use: Scroll            |       |       |    15 |     5 |     7 |     7 ||    34
         Potion            |       |       |       |       |     2 |     2 ||     4
   Stab: Sleeping          |     4 |     1 |     1 |       |       |       ||     6
         Paralysed         |       |       |       |     5 |     1 |       ||     6
 Armour: Skin              |     5 |    42 |    18 |   179 |   220 |    90 ||   554
  Dodge: Dodged            |    15 |    63 |    51 |   411 |   538 |   311 ||  1389

Table legend: (Time is in decaauts)
 A = Elapsed time spent in this place.
 B = Non-inter-level travel time spent in this place.
 C = Inter-level travel time spent in this place.
 D = Time resting spent in this place.
 E = Time spent auto-exploring this place.
 F = Levels seen in this place.
 G = Mean time per level.
                   A        B        C        D        E       F      G
               +--------+--------+--------+--------+--------+-----+--------+
         Total |  50020 |  47916 |   2104 |    367 |  40450 |  27 | 1852.6 |
       Dungeon |  27384 |  26074 |   1310 |    293 |  21902 |  15 | 1825.6 |
        Temple |    300 |    235 |     65 |      0 |    221 |   1 |  300.0 |
          Lair |  10789 |  10584 |    205 |     71 |   9231 |   5 | 2157.8 |
   Spider Nest |   7597 |   7362 |    235 |      3 |   6107 |   4 | 1899.2 |
  Orcish Mines |   3949 |   3662 |    287 |      0 |   2989 |   2 | 1974.5 |
               +--------+--------+--------+--------+--------+-----+--------+

Top non-repeatable levels by time:
    D:10: 3825 daAuts
   Orc:2: 3314 daAuts
  Lair:4: 2840 daAuts
  Lair:2: 2743 daAuts
  Lair:3: 2530 daAuts
     D:3: 2379 daAuts
Spider:3: 2358 daAuts
    D:14: 2323 daAuts
    D:12: 2316 daAuts
Spider:1: 2259 daAuts
Spider:2: 2067 daAuts
     D:8: 1921 daAuts
     D:6: 1904 daAuts
    D:15: 1858 daAuts
     D:9: 1818 daAuts
